 Dungeon Crawl Stone Soup version bcrawl-1.38b (webtiles) character file.

Game seed: 14701594584124915107

250389 Mrkan the Cudgeler (level 7, -7/44 HPs)
             Began as a Gargoyle Fighter on Mar 23, 2023.
             Was a Follower of Fedhas.
             Killed from afar by a white imp (11 damage)
             ... with a puff of frost
             ... summoned by Eustachio
             ... on level 4 of the Dungeon.
             The game lasted 00:09:20 (3332 turns).

Mrkan the Cudgeler (Gargoyle Fighter)               Turns: 3332, Time: 00:09:21

Health: -7/44      AC: 16    Str: 23      XL:     7   Next: 73%
Magic:  7/7        EV:  4    Int:  8      God:    Fedhas [*.....]
Gold:   44         SH: 13    Dex: 10 (11) Spells: 6/6 levels left

rFire    . . .     GDR:     35% a - +0 flail
rCold    . . .     SeeInvis .   c - +0 medium shield
rNeg     + . .     Gourm    .   p - +0 chain mail
rPois    ∞         Faith    .   r - +0 helmet
rElec    +         Spirit   .   o - scarf {repulsion}
rCorr    .         Reflect  +   u - +0 pair of gloves {Str+3}
MR       .....                  (no boots)
Stlth    ..........             b - +3 amulet of reflection
HPRegen  0.17/turn              (no ring)
MPRegen  0.10/turn              (no ring)

@: starving, repel missiles
A: negative energy resistance 1, electricity resistance, partial torment
resistance, unbreathing, petrification resistance, rot immunity, AC +4
a: Fungal Bloom, Sunlight, Renounce Religion


You were on level 4 of the Dungeon.
You worshipped Fedhas.
Fedhas was aware of your devotion.
You were starving.

You visited 1 branch of the dungeon, and saw 4 of its levels.

You collected 170 gold pieces.
You spent 126 gold pieces at shops.

Inventory:

Hand Weapons
 a - a +0 flail (weapon)
Missiles
 t - a throwing net {=f}
Armour
 c - a +0 medium shield (worn)
 o - a scarf of repulsion (worn)
 p - a +0 chain mail (worn)
 r - a +0 helmet (worn)
 u - a +0 pair of gloves of strength (worn)
Jewellery
 b - a +3 amulet of reflection (around neck)
 g - a +3 ring of strength {unknown}
 s - a +5 ring of dexterity {unknown}
Scrolls
 h - a scroll of magic mapping {unknown}
 j - 2 scrolls of amnesia {unknown}
 m - 3 scrolls of teleportation {unknown}
 v - 2 scrolls of blinking {unknown}
 w - a scroll of fog {unknown}
Potions
 d - 4 potions of ambrosia
 f - a potion of heal wounds {unknown}
 k - a potion of invisibility {unknown}
 l - a potion of lignification {unknown}
 n - a potion of degeneration {unknown}
 q - a potion of curing
Comestibles
 e - 9 rations {!d}


   Skills:
 + Level 5.4 Fighting
 - Level 6.1 Maces & Flails
 + Level 3.7 Armour
 + Level 5.4 Shields


You had 6 spell levels left.
You didn't know any spells.
Your spell library was empty.

Dungeon Overview and Level Annotations

Branches:
Dungeon (4/12)
 Temple: D:4-7

Altars:
Fedhas
Ru

Shops:
D:4 [

Annotations:
D:3 3 runed translucent doors, yrara's ghost, amateur DsFi
D:4 Eustachio


Innate Abilities, Weirdness & Mutations

You are resistant to torment.
Your stone body is resilient. (AC +4)
You are immune to poison.
You resist negative energy. (rN+)
You are resistant to electric shocks. (rElec)
You are less affected by unholy pain and torment.
You can survive without breathing.
You are immune to petrification.
You are immune to rotting.


Message History

You kill the bat!
The bat's corpse disappears in a puff of smoke!
The white imp disappears in a puff of smoke!
The white imp barely misses you. The rat barely misses you.
You are starving!
You hit the rat but do no damage. You block the white imp's attack.
The rat barely misses you.
You hit the rat.
You kill the rat!
The rat's corpse disappears in a puff of smoke!
Eustachio mumbles some strange words.
Eustachio blinks!
The white imp gestures at you. The puff of frost hits you!
* * * LOW HITPOINT WARNING * * *
You block Eustachio's attack. The white imp gestures at you.
The puff of frost hits you!
You die...
Fedhas appreciates your contribution to the ecosystem.

### #.# ...... ##.## ......
#...### ..... #@.5).#### .... #
###@#..#..## ..##.#
#..5##.†...###.....#
###.###.....#§...... ######
##..5.#..............
##.....#####...###............(.
#........##....# ##..........#..
.............####.......##.###
#..........................#
...........##..#.#......##...


You could see Eustachio, a crimson imp, a white imp and an ufetubus.

Vanquished Creatures
  Sigmund (D:2)
  A sky beast (D:4)
  A scorpion (D:4)
  2 crimson imps
  2 orc wizards
  3 hounds (D:4)
  A worker ant (D:3)
  7 adders
  3 oozes
  A worm (D:3)
  5 dart slugs
  5 leopard geckos
  6 orcs
  3 ball pythons (D:1)
  2 bats
  4 giant cockroaches
  6 goblins
  11 hobgoblins
  4 jackals (D:4)
  3 quokkas
  2 frilled lizards
  13 kobolds
  A quokka skeleton (D:4)
  3 rats
90 creatures vanquished.

Vanquished Creatures (others)
  17 toadstools (D:2)
17 creatures vanquished.

Grand Total: 107 creatures vanquished

Notes
Turn   | Place    | Note
-------+----------+-------------------------------------------
     0 | D:1      | Mrkan the Gargoyle Fighter began the quest for the Orb.
     0 | D:1      | Reached XP level 1. HP: 14/14 MP: 1/1
    51 | D:1      | Reached XP level 2. HP: 19/19 MP: 2/2
   309 | D:1      | Reached skill level 3 in Maces & Flails
   310 | D:1      | Reached XP level 3. HP: 24/24 MP: 3/3
   926 | D:2      | Noticed Sigmund
  1066 | D:2      | Found a blossoming altar of Fedhas.
  1371 | D:2      | Reached XP level 4. HP: 29/29 MP: 4/4
  1488 | D:2      | Killed Sigmund
  1489 | D:2      | Reached skill level 5 in Maces & Flails
  1489 | D:2      | Reached XP level 5. HP: 28/34 MP: 5/5
  1489 | D:2      | Reached XP level 6. HP: 33/40 MP: 6/6
  1872 | D:2      | Became a worshipper of Fedhas Madash
  2006 | D:3      | Reached skill level 5 in Fighting
  2082 | D:3      | Found a sacrificial altar of Ru.
  2270 | D:3      | Found a runed translucent gate.
  2270 | D:3      | Found a runed translucent gate.
  2275 | D:3      | Noticed yrara's ghost (amateur DsFi)
  2347 | D:3      | Found a runed translucent gate.
  2922 | D:4      | Found Qeasar's Armour Boutique.
  2929 | D:4      | Reached XP level 7. HP: 43/44 MP: 7/7
  2983 | D:4      | Bought a +0 pair of gloves of strength for 126 gold pieces
  3032 | D:4      | Reached skill level 6 in Maces & Flails
  3032 | D:4      | Reached skill level 5 in Shields
  3117 | D:4      | Reached * piety under Fedhas
  3220 | D:4      | Noticed Eustachio
  3332 | D:4      | Killed from afar by a white imp

Skill      XL: |  1  2  3  4  5  6  7 |
---------------+----------------------+-----
Maces & Flails | 3 5 6 |  6.1
Fighting       | 4 5 |  5.4
Shields        | 4 5 |  5.4
Armour         | |  3.7

Action                   |  1- 3 |  4- 6 |  7- 9 || total
-------------------------+-------+-------+-------++-------
Melee: Flail             |   122 |   163 |   158 ||   443
  Use: Potion            |       |     1 |     1 ||     2
       Scroll            |       |     3 |       ||     3
  Eat: Chunk             |     6 |    10 |     4 ||    20
Armor: Scale mail        |    68 |    31 |       ||    99
       Chain mail        |       |    76 |   204 ||   280
Dodge: Dodged            |    21 |    14 |    47 ||    82
       Deflected         |       |       |     1 ||     1
Block: Medium shield     |    62 |    86 |   182 ||   330
